 Dungeon Crawl Stone Soup version 0.25.1-2-g60ff931df9 (webtiles) character file.

Game seed: 3514882396675343459

53 DogServant the Charmwright (level 4, 0/34 HPs)
             Began as a Formicid Skald on Oct 12, 2020.
             Slain by a gnoll (8 damage)
             ... on level 2 of the Dungeon.
             The game lasted 00:01:38 (1212 turns).

DogServant the Charmwright (Formicid Skald)         Turns: 1212, Time: 00:01:38

Health: 0/34       AC:  3    Str: 17    XL:     4   Next: 11%
Magic:  1/7        EV: 11    Int: 12    God:
Gold:   80         SH:  0    Dex: 10    Spells: 4/7 levels left

rFire    . . .     SeeInvis +   a - +0 mace
rCold    . . .     Gourm    .   (no shield)
rNeg     . . .     Faith    .   b - +0 leather armour
rPois    .         Spirit   .   (helmet unavailable)
rElec    .         Reflect  .   (no cloak)
rCorr    .         Harm     .   (no gloves)
MR       .....                  (no boots)
Stlth    +.........             (no amulet)
HPRegen  0.11/turn              (no ring)
MPRegen  0.10/turn              (no ring)

@: singing (expiring)
A: permanent stasis, dig shafts and tunnels, four strong arms, antennae 3
a: Dig, Shaft Self


You were on level 2 of the Dungeon.
You were not hungry.

You visited 1 branch of the dungeon, and saw 2 of its levels.

You collected 80 gold pieces.

Inventory:

Hand Weapons
 a - a +0 mace (weapon)
Armour
 b - a +0 leather armour (worn)
 g - a +0 ring mail
Scrolls
 e - a scroll of remove curse
 f - a scroll of fear {unknown}
 h - a scroll of teleportation {unknown}
 i - a scroll of identify {unknown}
 j - a scroll of amnesia {unknown}
Potions
 c - a potion of heal wounds {unknown}
Comestibles
 d - 5 rations
 k - 3 chunks of flesh


   Skills:
 + Level 2.9 Fighting
 + Level 2.5 Maces & Flails
 + Level 2.2 Armour
 - Level 1.7 Dodging
 - Level 2.1 Spellcasting
 + Level 3.4 Charms


You had 4 spell levels left.
You knew the following spells:

 Your Spells              Type           Power        Failure   Level  Hunger
a - Infusion              Chrm           #...         8%          1    ##.....
b - Song of Slaying       Chrm           #.......     12%         2    ###....

Your spell library contained the following spells:

 Spells                   Type           Power        Failure   Level  Hunger
 Shroud of Golubria       Chrm/Tloc      #.....       24%         2    ###....
 Ozocubu's Armour         Chrm/Ice       #.......     43%         3    ####...
 Spectral Weapon          Hex/Chrm       #.......     43%         3    ####...


Dungeon Overview and Level Annotations

Branches:
Dungeon (2/15)

Altars:
Fedhas


Innate Abilities, Weirdness & Mutations

You cannot be hasted, slowed, berserked, paralysed or teleported.
You can dig through walls and to a lower floor.
Your four strong arms can wield two-handed weapons with a shield.
You have a pair of large antennae on your head. (SInv)


Message History

The gnoll is heavily wounded.
You are no longer magically infusing your attacks.
The gnoll barely misses you.
You hit the gnoll.
The gnoll is almost dead.
The gnoll hits you with a +0 flail.
You closely miss the gnoll.
The gnoll is almost dead.
The gnoll hits you with a +0 flail!
* * * LOW HITPOINT WARNING * * *
You hit the gnoll but do no damage.
The gnoll is almost dead.
Your song is almost over.
The gnoll hits you but does no damage. The gnoll closely misses you.
You thump the gnoll!
You kill the gnoll!
You have reached level 4!
You feel stronger. The gnoll hits you!
You die...

* #.....,,##.......## ##.
******#####...####.........####..
,,,,,,...........'.........'.....
,*,****####...####.........####..
,*,* ####..#####.......## ##.
,*,* #........###.....## #. ,*,*
#.###.##.# ##...## #. ,*,*
#,*...##.# ##'## #. ,*,*
*,#.####@# #.# #. ,*,* *,#.*
#g#####.## #. ,,,*
*{#,**##........# #. ****
*,,,,,....###...### #. *
***,,,............# #.
***####.#.#.###.######. *.....#
#........ ##.#..###.#######
#...)....#


You could see a gnoll.

Vanquished Creatures
  2 gnolls (D:2)
  An adder (D:2)
  A ball python (D:1)
  A bat (D:2)
  A giant cockroach (D:1)
  3 goblins (D:2)
  5 hobgoblins
  3 jackals (D:2)
  A frilled lizard (D:2)
  3 kobolds (D:2)
  3 rats
24 creatures vanquished.

Notes
Turn   | Place    | Note
-------+----------+-------------------------------------------
     0 | D:1      | DogServant the Formicid Skald began the quest for the Orb.
     0 | D:1      | Reached XP level 1. HP: 16/16 MP: 3/3
   272 | D:1      | Reached XP level 2. HP: 23/23 MP: 5/5
   725 | D:2      | Reached XP level 3. HP: 23/28 MP: 2/6
   729 | D:2      | Learned a level 2 spell: Song of Slaying
   994 | D:2      | Found a blossoming altar of Fedhas.
  1212 | D:2      | Reached XP level 4. HP: 8/34 MP: 1/7
  1212 | D:2      | Slain by a gnoll

Illustrated notes

Levels and vault maps discovered:
D:1:      ebering_trefoil_twist, layout_rooms, minmay_misc_feat_columns
D:2:      layout_loops_corners, fedhas_altar_3

Skill      XL: |  1  2  3 |
---------------+----------+-----
Armour         | 2 |  2.2
Fighting       | |  2.9
Maces & Flails | |  2.5
Dodging        | |  1.7
Spellcasting   | |  2.1
Charms         | |  3.4

Action                   |  1- 3 |  4- 6 || total
-------------------------+-------+-------++-------
Melee: Mace              |    71 |       ||    71
 Cast: Infusion          |     3 |       ||     3
       Song of Slaying   |     2 |       ||     2
  Use: Scroll            |     2 |       ||     2
  Eat: Chunk             |     1 |       ||     1
Armor: Leather armour    |    28 |       ||    28
Dodge: Dodged            |    50 |       ||    50
